 Dungeon Crawl Stone Soup version 0.14-a0-1721-g84c87b2 (webtiles) character file.

314 HollowCharge the Skirmisher (level 5, -3/34 HPs)
             Began as a Tengu Fighter on Jan 2, 2014.
             Killed by divine providence
             ... invoked by an orc priest
              (17 damage)
             ... on Level 5 of the Dungeon.
             The game lasted 00:13:54 (3131 turns).

HollowCharge the Skirmisher (Tengu Fighter)         Turns: 3131, Time: 00:13:55

HP  -3/34        AC  9     Str 17      XL: 5   Next: 94%
MP   7/7         EV  7     Int  8      God:
Gold 97          SH 18     Dex 14      Spells:  0 memorised,  4 levels left

rFire  . . .     SeeInvis .     a - +0 falchion
rCold  . . .     Clarity  .     i - +1 dwarf ring mail
rNeg   . . .     Conserve .     c - +0 shield
rPois  .         rCorr    .     o - +2 orc wizard hat
rElec  .         rRot     .     (no cloak)
SustAb . .       Spirit   .     (no gloves)
rMut   .         Warding  .     (boots unavailable)
Saprov . . .     Stasis   .     (no amulet)
                                (no ring)
                                g - ring of invisibility

@: slightly resistant to hostile enchantments, very unstealthy
A: able to fly, beak, talons 3
a: Fly, Evoke Invisibility


You were on level 5 of the Dungeon.
You were not hungry.

You visited 1 branch of the dungeon, and saw 5 of its levels.

You collected 97 gold pieces.

Inventory:

Hand weapons
 a - a +0,+0 falchion (weapon)
Armour
 c - a +0 shield (worn)
 i - a +1 dwarven ring mail (worn)
 o - a +2 orcish wizard hat (worn)
Comestibles
 d - 2 bread rations
 k - a chunk of worker ant flesh
 s - 3 meat rations
Scrolls
 b - a scroll of enchant weapon II {unknown}
 e - 2 scrolls of teleportation
 h - 2 scrolls of remove curse
 n - 2 scrolls of immolation {unknown}
 q - a scroll of noise {unknown}
 r - a scroll of enchant armour {unknown}
Jewellery
 g - a ring of invisibility (left hand)
Potions
 f - a potion of brilliance
 j - 2 potions of curing
 l - 2 potions of restore abilities
 m - 2 potions of heal wounds {unknown}
 p - a potion of might {unknown}


   Skills:
 * Level 4.5 Fighting
 * Level 4.1 Long Blades
 - Level 3.2 Armour
 + Level 2.9 Dodging
 - Level 3.0 Shields


You had 4 spell levels left.
You didn't know any spells.

Dungeon Overview and Level Annotations

Branches:
Dungeon (5/16)
 Temple: D:4-7

Altars:

Annotations:
D:4 Blork the orc


Innate Abilities, Weirdness & Mutations

You can fly.
You have a beak for a mouth.
You have claws for feet.


Message History

You miss the adder.
The adder is lightly wounded.
The adder bites you but does no damage.
You miss the adder. Your kick misses the adder. You peck the adder.
The adder is heavily wounded.
The adder bites you but does no damage.
The orc priest calls down the wrath of Beogh upon you.
Something smites you! The adder bites you.
* * * LOW HITPOINT WARNING * * *
You are poisoned.
The adder poisons you!
You feel better.
The orc complains to no one in particular.
The adder barely misses you.
You barely miss the adder. You peck the adder.
The adder is severely wounded.
The orc priest invokes the aid of Beogh against you.
Something smites you!
Ouch! That really hurt!
You die...

... ####.####
#.......# .
#..S....# ...
#...o...# ....
#...$...# .....
#.......#
.=.....####.......#
........@Soo.(((<.#
###########(......#
#.......# #########


You could see an orc priest, an adder and an orc.

Vanquished Creatures
  An orc wizard (D:3)
  A worker ant (D:4)
  Terence (D:3)
  4 gnolls
  4 adders
  A worm (D:2)
  2 giant geckos
  6 orcs
  3 bats
  3 giant cockroaches
  7 goblins
  15 hobgoblins
  2 quokkas
  2 ball pythons
  3 giant newts
  3 jackals (D:2)
  6 kobolds
  4 rats
68 creatures vanquished.

Notes
Turn   | Place    | Note
--------------------------------------------------------------
     0 | D:1      | HollowCharge, the Tengu Fighter, began the quest for the Orb.
     0 | D:1      | Reached XP level 1. HP: 14/14 MP: 1/1
   213 | D:1      | Reached XP level 2. HP: 13/19 MP: 3/3
   644 | D:1      | Reached XP level 3. HP: 23/23 MP: 4/4
   730 | D:1      | Reached skill level 1 in Dodging
  1290 | D:2      | Reached XP level 4. HP: 27/29 MP: 5/5
  2187 | D:3      | Reached skill level 4 in Fighting
  2191 | D:3      | Reached XP level 5. HP: 21/33 MP: 7/7
  2542 | D:3      | Noticed Terence
  2552 | D:3      | Killed Terence
  3107 | D:4      | Noticed Blork the orc
  3113 | D:5      | Entered Level 5 of the Dungeon
  3131 | D:5      | Killed from afar by an orc priest

Action                   |  1- 3 |  4- 6 || total
-------------------------+-------+-------++-------
Melee: Falchion          |    93 |   113 ||   206
  Use: Scroll            |     6 |     3 ||     9
       Potion            |       |     1 ||     1
